AoeStats
← DeeHambone

Arabia

510400811Analyzed
1v1 RM · 1d ago on Sep 30, 2026· 28m 19s· 2 players
Game mode
Random Map
Map size
Tiny (2 player)
Population
200
Speed
Normal
Resources
Standard
Victory
Conquest
Starting age
Dark Age
Ending age
Imperial Age
RankedLock teamsTeams togetherTeam positionsShared explorationLock speedFull tech treeHidden civsTurbo modeCheats
Victory
Defeat
🇨🇳 Celts · China
1528
+14
🇺🇸 Portuguese · United States
1488
-14
DeeHambone
7:20 Loom
9:32 Feudal Age
9:51 Man-at-Arms
10:28 Double-Bit Axe
13:21 Fletching
21:04 Castle Age
19:39 Padded Archer Armor
19:34 Horse Collar
21:07 Crossbowman
22:01 Bodkin Arrow
22:24 Bow Saw
22:52 Scale Barding Armor
24:14 Bloodlines
26:12 Chain Barding Armor
25:58 Gold Mining
26:03 Elite Skirmisher
一串数字
6:08 Loom
8:58 Feudal Age
12:57 Double-Bit Axe
13:15 Horse Collar
13:42 Fletching
16:31 Padded Archer Armor
17:21 Town Watch
22:20 Castle Age
22:54 Gold Mining
23:16 Bow Saw
23:14 Crossbowman
23:50 Bodkin Arrow
Connection lost

Rejoining the realm…

Still unreachable

The connection could not be restored.

Session expired

The server has moved on; the page needs a fresh start.